 Dungeon Crawl Stone Soup version 0.28-a0-268-g3f656e82c2 (webtiles) character file.

Game seed: 15963091115593924863

1733 avis the Insei (level 9, 0/74 HPs)
             Began as an Octopode Transmuter on Aug 28, 2021.
             Was an Initiate of Gozag.
             Killed from afar by an electric eel (11 damage)
             ... with a bolt of electricity
             ... on level 5 of the Dungeon on Aug 29, 2021.
             The game lasted 00:42:46 (7305 turns).

avis the Insei (Octopode Transmuter)                Turns: 7305, Time: 00:42:47

Health: 0/74       AC: 11    Str: 12    XL:     9   Next: 5%
Magic:  10/13      EV: 11    Int: 21    God:    Gozag
Gold:   494        SH:  0    Dex: 19    Spells: 6/14 levels left

rFire   x . .      SeeInvis .     - Unarmed
rCold   + + +      Faith    .   (shield currently unavailable)
rNeg    + . .      Spirit   .   (helmet currently unavailable)
rPois   +          Reflect  .   (no amulet)
rElec   .          Harm     .   h - +6 ring of dexterity
rCorr   .          Rampage  .   d - +4 ring of protection
Will    .....                   i - ring of positive energy
Stlth   ++........              B - +6 ring of intelligence
HPRegen 0.22/turn               (no ring)
MPRegen 0.13/turn               (no ring)
                                (no ring)
                                (no ring)

@: ice-form
A: freezing attack, boosted hp, almost no armour, amphibious, 8 rings, large,
(camouflage 1), (gelatinous body 1), (nimble swimmer 1), (tentacles)
a: End Transformation, Renounce Religion, Potion Petition, Call Merchant, Bribe
Branch


You were on level 5 of the Dungeon.
You worshipped Gozag.
Gozag was aware of your devotion.
You were a creature of crystalline ice.
You visited 2 branches of the dungeon, and saw 7 of its levels.
You also visited: Sewer.

You collected 618 gold pieces.
You paid 124 gold pieces to Gozag.

Inventory:

Hand Weapons
 a - a +1 dagger of speed
 b - a +3 hunting sling (melded)
 k - a +0 shortbow
 C - a +1 dagger of venom
Missiles
 e - 243 stones
 l - 23 arrows
 r - 3 silver javelins
 s - 8 atropa-tipped darts
 v - 4 boomerangs
 D - 8 curare-tipped darts
Jewellery
 d - a +4 ring of protection (right front paw)
 h - a +6 ring of dexterity (left front paw)
 i - a ring of positive energy (on tentacle)
 B - a +6 ring of intelligence (on tentacle)
Wands
 E - a wand of polymorph (10)
 F - a wand of acid (13)
Scrolls
 g - 3 scrolls of teleportation
 m - 3 scrolls of torment {unknown}
 o - a scroll of enchant weapon {unknown}
 p - 6 scrolls of identify {unknown}
 w - a scroll of amnesia {unknown}
 x - 2 scrolls of acquirement {unknown}
 A - a scroll of noise {unknown}
Potions
 c - 2 potions of curing
 f - 2 potions of mutation {unknown}
 j - 2 potions of berserk rage
 n - 2 potions of magic {unknown}
 q - a potion of heal wounds {unknown}
 t - 2 potions of might {unknown}
 u - a potion of invisibility
 y - a potion of lignification {unknown}
 z - a potion of flight {unknown}


   Skills:
 - Level 6.0 Fighting
 - Level 3.0 Dodging
 - Level 2.0 Stealth
 * Level 6.5 Unarmed Combat
 - Level 3.0 Spellcasting
 - Level 5.0 Transmutations
 - Level 4.0 Ice Magic
 - Level 2.0 Poison Magic


You had 6 spell levels left.
You knew the following spells:

 Your Spells              Type           Power      Damage    Failure   Level
a - Beastly Appendage     Tmut           48%        N/A       1%          1
p - Spider Form           Tmut/Pois      8%         N/A       10%         3
q - Ice Form              Ice/Tmut       22%        N/A       21%         4

Your spell library contained the following spells:

 Spells                   Type           Power      Damage    Failure   Level
 Wereblood                Tmut           24%        N/A       2%          2
 Ozocubu's Armour         Ice            19%        N/A       8%          3
 Tukima's Dance           Hex            3%         N/A       36%         3
 Passage of Golubria      Tloc           N/A        N/A       78%         4
 Yara's Violent Unravell  Hex/Tmut       6%         3d5       78%         5
 Ozocubu's Refrigeration  Ice            9%         4d6       100%        7


Dungeon Overview and Level Annotations

Branches:
Dungeon (6/15)             Temple (1/1) D:5           Sewer (visited)

Altars:
Ashenzari
Cheibriados
Dithmenos
Elyvilon
Fedhas
Gozag
Hepliaklqana
Nemelex Xobeh
Okawaru
Qazlal
Ru
Trog
Uskayaw
Vehumet
Wu Jian
Yredelemnul
Zin
The Shining One

Annotations:
D:5 exclusion: door


Innate Abilities, Weirdness & Mutations

You are a creature of crystalline ice.
You have a powerful freezing melee attack.
Your maximum health is increased.
Your armour is entirely melded.
You are incapable of wielding weapons or throwing items.
You cannot wear most types of armour.
You are amphibious.
You can wear up to eight rings at the same time.
((Your skin changes colour to match your surroundings (Stealth+).))
((Your rubbery body absorbs attacks. (AC +1, EV +1)))
((You are camouflaged near water. (Stealth+)))
((You have tentacles for arms and can constrict up to eight enemies at once.))


Message History

The bolt of electricity hits the plant!
The plant begins to die.
The bolt of electricity hits you.
There is an open door here.
Unknown command.
The electric eel shoots out a bolt of lightning at you!
The bolt of electricity hits the plant!
The plant begins to die.
The bolt of electricity hits you! x2
The electric eel shoots out a bolt of lightning at you!
The bolt of electricity hits the plant! x2; The plant begins to die.
The bolt of electricity hits you.
The electric eel shoots out a bolt of lightning at you!
The bolt of electricity hits the plant!
The bolt of electricity hits you!
A nearby plant withers and dies.
The electric eel shoots out a bolt of lightning at you!
The bolt of electricity hits you!
The electric eel shoots out a bolt of lightning at you!
The bolt of electricity hits you!
A nearby plant withers and dies.
The electric eel shoots out a bolt of lightning at you!
The bolt of electricity hits you!
* * * LOW HITPOINT WARNING * * *
The bolt of electricity hits the plant!
The plant begins to die.
The electric eel shoots out a bolt of lightning at you!
The bolt of electricity hits you.
* * * LOW HITPOINT WARNING * * *
The bolt of electricity hits the plant!
You see here a +0 morningstar.
You closely miss the electric eel.
The electric eel shoots out a bolt of lightning at you!
The bolt of electricity hits you.
* * * LOW HITPOINT WARNING * * *
The electric eel shoots out a bolt of lightning at you!
The bolt of electricity hits you.
* * * LOW HITPOINT WARNING * * *
The bolt of electricity hits the plant!
It was a potion of curing.
You feel better.
A nearby plant withers and dies.
The electric eel shoots out a bolt of lightning at you!
The bolt of electricity hits you!
You die...
Your body crumbles into a pile of gold.

##########........####.......'...
#......#######...####...
#......##≈...'...# #...
########≈#####...# ####
##....≈##≈;≈##..#
##.######;≈$≈≈#..#
#≈##≈≈;##≈/(.≈#..#
#≈#≈≈≈;;#..≈P$#..#
#≈#.$.$Y#≈≈..P#..#
#≈#.P≈≈≈#.....#..######
#≈#.P.≈.#.... ##.#....##
#.#.....##..+###........
#######.#.....#####.)#........
#....##.##..'##≈≈≈..##..######
##)##.###≈####.≈≈######..#.....
#..##.# ##≈≈≈..### #..#.....
#..##.#################>.#.....


You could see 3 electric eels.

Vanquished Creatures
  Purgy (Sewer)
  A black bear (D:5)
  3 necrophages
  2 ogres
  2 centaurs (D:5)
  A phantom (D:6)
  A scorpion (D:6)
  3 vampire bats (D:4)
  A howler monkey (D:4)
  2 centaur zombies
  3 hounds
  2 jellies (D:6)
  4 iguanas
  An orc wizard (D:4)
  14 gnolls
  A howler monkey skeleton (D:6)
  6 adders
  An adder skeleton (D:4)
  3 worms
  2 dart slugs
  9 orcs
  17 bats
  5 endoplasms
  6 giant cockroaches
  10 hobgoblins
  7 jackals (D:1)
  A quokka (D:1)
  7 ball pythons
  4 frilled lizards
  13 goblins
  2 kobolds (D:1)
  7 rats
142 creatures vanquished.

Vanquished Creatures (others)
  3 plants (D:5)
3 creatures vanquished.

Grand Total: 145 creatures vanquished

Notes
Turn   | Place    | Note
-------+----------+-------------------------------------------
     0 | D:1      | avis the Octopode Transmuter began the quest for the Orb.
     0 | D:1      | Reached XP level 1. HP: 13/13 MP: 3/3
   384 | D:1      | Reached XP level 2. HP: 19/19 MP: 3/5
   608 | D:1      | Found a faded altar of an unknown god.
   627 | D:1      | Reached XP level 3. HP: 18/25 MP: 6/6
   652 | D:1      | Learned a level 3 spell: Spider Form
   806 | D:1      | Reached skill level 1 in Stealth
  1206 | D:2      | Reached skill level 1 in Poison Magic
  1314 | D:1      | Reached XP level 4. HP: 7/31 MP: 4/7
  2839 | D:3      | Found a glowing drain.
  2850 | Sewer    | Entered a sewer
  2894 | Sewer    | Noticed Purgy
  2914 | Sewer    | Killed Purgy
  2915 | Sewer    | Reached XP level 5. HP: 19/36 MP: 5/9
  2923 | Sewer    | Identified the amulet of Surprise {-Cast rElec rPois rC+++
                  | Regen+}
  3203 | D:3      | Reached XP level 6. HP: 42/42 MP: 4/10
  4294 | D:4      | Noticed a necrophage
  4303 | D:4      | Killed a necrophage
  4304 | D:4      | Reached XP level 7. HP: 48/48 MP: 7/11
  4503 | D:4      | Reached skill level 5 in Unarmed Combat
  4662 | D:4      | Reached skill level 5 in Fighting
  4854 | D:5      | Entered Level 5 of the Dungeon
  4989 | D:5      | Reached XP level 8. HP: 39/55 MP: 9/12
  5104 | D:5      | Found a staircase to the Ecumenical Temple.
  5123 | Temple   | Entered the Ecumenical Temple
  5310 | Temple   | Became a worshipper of Gozag Ym Sagoz the Greedy
  5425 | D:5      | Reached skill level 5 in Transmutations
  5638 | D:5      | Learned a level 4 spell: Ice Form
  5724 | D:5      | Found a glowing golden altar of the Shining One.
  5726 | D:5      | Noticed an angel
  5741 | D:5      | Found a basalt altar of Yredelemnul.
  5743 | D:5      | Noticed a profane servitor
  6345 | D:5      | Found a radiant altar of Vehumet.
  6402 | D:5      | Reached skill level 1 in Ice Magic
  6818 | D:6      | Reached XP level 9. HP: 50/62 MP: 10/13
  7305 | D:5      | Killed from afar by an electric eel

Illustrated notes

Levels and vault maps discovered:
D:1:      heliophobic_arrival_battle_scene, layout_rooms, basic_ecumenical_altar
D:2:      layout_loops_corners
D:3:      layout_loops_ring, portal_sewer_entry_d, minmay_strange_pillars,
          grunt_decor_cap
D:4:      layout_gridville, roderic_batcave, minmay_misc_feat_enclosed
D:5:      cheibrodos_two_vegetables, layout_basic,
          grunt_temple_overflow_holy_war, lemuel_tele_altar,
          minmay_temple_entry_junction, minivault_19, corexii_checkpoint_a
D:6:      layout_loops_ring, minmay_misc_feat_doors
Temple:   bh_familiar_temple

Skill      XL: |  1  2  3  4  5  6  7  8 |
---------------+-------------------------+-----
Fighting       | 2 3 4 5 6 |  6.0
Stealth        | 2 |  2.0
Poison Magic   | 1 2 |  2.0
Transmutations | 3 4 5 |  5.0
Spellcasting   | 3 |  3.0
Unarmed Combat | 4 5 6 |  6.5
Dodging        | 3 |  3.0
Ice Magic      | 4 |  4.0

Action                   |  1- 3 |  4- 6 |  7- 9 || total
-------------------------+-------+-------+-------++-------
Melee: Unarmed           |    28 |   103 |   118 ||   249
       Constrict         |    26 |     6 |     7 ||    39
       Kick              |    19 |    11 |     6 ||    36
       Tentacles         |    10 |     8 |     7 ||    25
       Dagger            |    64 |    42 |    25 ||   131
       Punch             |     7 |     1 |     1 ||     9
 Fire: Hunting sling     |       |     4 |    56 ||    60
 Cast: Beastly Appendage |    23 |    10 |     2 ||    35
       Spider Form       |     1 |    24 |    23 ||    48
       Ice Form          |       |       |     1 ||     1
  Use: Scroll            |       |     4 |       ||     4
       Potion            |       |       |     1 ||     1
 Stab: Sleeping          |     3 |    14 |     7 ||    24
       Distracted        |       |       |     1 ||     1
Armor: Skin              |     9 |    15 |    39 ||    63
Dodge: Dodged            |    50 |   104 |   123 ||   277

Table legend: (Time is in decaauts)
 A = Elapsed time spent in this place.
 B = Non-inter-level travel time spent in this place.
 C = Inter-level travel time spent in this place.
 D = Time resting spent in this place.
 E = Time spent auto-exploring this place.
 F = Levels seen in this place.
 G = Mean time per level.
                   A        B        C        D        E       F      G
               +--------+--------+--------+--------+--------+-----+--------+
         Total |   7256 |   6742 |    514 |   1596 |   2932 |   8 |  907.0 |
       Dungeon |   6815 |   6357 |    458 |   1478 |   2781 |   6 | 1135.8 |
        Temple |    218 |    162 |     56 |      0 |    151 |   1 |  218.0 |
         Sewer |    222 |    222 |      0 |    118 |      0 |   1 |  222.0 |
               +--------+--------+--------+--------+--------+-----+--------+

Top non-repeatable levels by time:
     D:1: 1680 daAuts
     D:5: 1375 daAuts
     D:2: 1076 daAuts
     D:3: 1001 daAuts
     D:4: 941 daAuts
     D:6: 740 daAuts
   Sewer: 222 daAuts
  Temple: 218 daAuts
